 Dungeon Crawl Stone Soup version 0.31.0-1-g2c135a008e (webtiles) character file.

Game seed: 7846372992766747888

172 qw the Shooter (level 5, 0/40 HPs)
             Began as a Djinni Hunter on Jan 24, 2024.
             Slain by a gnoll
             ... wielding a +0 flail
              (2 damage)
             ... on level 3 of the Dungeon.
             The game lasted 00:00:06 (1560 turns).

qw the Shooter (Djinni Hunter)                      Turns: 1560, Time: 00:00:07

Health: 0/40       AC:  3    Str:  9 (10) XL:     5   Next: 82%
Gold:   60         EV: 12    Int: 10 (11) God:
                   SH:  0    Dex: 17 (18)

rFire   + + .        a - +0 shortbow
rCold   x . .        (shield currently unavailable)
rNeg    . . .        c - +0 leather armour
rPois   inf          (no helmet)
rElec   .            (no cloak)
rCorr   .            (no gloves)
SInv    .            (boots unavailable)
Will    .....        (no amulet)
Stlth   ++           (no ring)
HPRegen 0.26/turn    (no ring)
MPRegen 0.00/turn

%: infuse magic (-1 HP)
@: flying
A: sickness immunity, fire resistance 2, cold vulnerability 1, float, innate
caster, HP casting, extra vitality 1
a: no special abilities


You were on level 3 of the Dungeon.
You visited 1 branch of the dungeon, and saw 3 of its levels.

You collected 60 gold pieces.


Innate Abilities, Weirdness & Mutations

You are immune to sickness and miasma.
You are immune to poison.
Your flesh is very heat resistant. (rF++)
You are vulnerable to cold. (rC-)
You float through the air rather than walking.
You learn spells naturally, not from books.
Your magical power is your life essence.
You have superior vitality. (+4 MHP)


   Skills:
 - Level 3.0 Fighting
 + Level 4.8 Ranged Weapons
 - Level 3.1 Dodging
 - Level 0.7 Stealth


You knew the following spells:

 Your Spells              Type           Power      Damage    Failure   Level
a - Slow                  Hex            0%         N/A       47%         1
b - Call Imp              Summ           0%         N/A       63%         2
Your spell library was empty.

Inventory:

Hand Weapons
 a - a +0 shortbow (weapon)
Armour
 c - a +0 leather armour (worn)
Scrolls
 d - 2 scrolls of enchant armour
 g - a scroll of immolation {unknown}
Potions
 b - a potion of haste
 e - a potion of magic {unknown}
 f - a potion of brilliance {unknown}
 i - a potion of curing {unknown}

Dungeon Overview and Level Annotations

Branches:
Dungeon (3/15)

Altars:
Makhleb


Message History

You kill the gnoll!
The gnoll closely misses you.
You feel your dexterity returning.
You shoot an arrow.
The arrow hits the gnoll but does no damage.
The gnoll barely misses you. The kobold misses you.
You shoot an arrow. The arrow barely misses the gnoll.
The kobold hits you but does no damage.
You shoot an arrow. The arrow hits the gnoll.
The gnoll is heavily wounded.
The kobold hits you with a +0 dagger. The gnoll misses you.
The gnoll hits you with a +0 flail! The kobold misses you.
The gnoll hits you with a +0 flail.
You shoot an arrow. The arrow barely misses the gnoll.
The gnoll closely misses you. The dart slug launches a dart at you.
The slug dart hits you. The kobold barely misses you.
The gnoll hits you with a +0 flail.
You shoot an arrow. The arrow barely misses the gnoll.
The gnoll misses you. The dart slug launches a dart at you.
The slug dart misses you. The gnoll barely misses you.
The kobold hits you with a +0 dagger. The gnoll misses you.
You shoot an arrow. The arrow hits the gnoll.
The gnoll is almost dead.
The kobold barely misses you. The gnoll closely misses you.
The gnoll hits you with a +0 flail!
You shoot an arrow. The arrow hits the gnoll.
You kill the gnoll!
The kobold hits you but does no damage. The gnoll closely misses you.
You shoot an arrow. The arrow hits the dart slug.
The dart slug is lightly wounded.
The kobold closely misses you. The gnoll barely misses you.
The dart slug briefly extends its eye-stalks.
The dart slug barely misses you. The kobold hits you with a +0 dagger.
The gnoll closely misses you.
You shoot an arrow. The arrow hits the dart slug.
The dart slug is moderately wounded.
The gnoll hits you with a +0 flail.
You die...

...~..~.##
~..~..~~~##
.~..~..~~~#
..~}%~...~~#
.~.}~.%~).~~#
..~..~..~..~~#
~~..~..~~.wg~#
.~..~.....K@#
#..~~......).#
##.......%....##
#..............###.
.....#.........%....
....................
.................)...
...................#'
######'#............


You could see a gnoll, a dart slug and a kobold.

Vanquished Creatures
  Terence (D:1)
  Natasha (D:3)
  3 gnolls (D:3)
  4 adders
  A dart slug (D:2)
  2 ribbon worms
  3 orcs (D:3)
  2 endoplasms
  2 giant cockroaches
  4 goblins
  5 hobgoblins
  3 jackals (D:3)
  7 ball pythons
  3 bats
  3 frilled lizards
  3 kobolds
  4 rats
51 creatures vanquished.

Notes
Turn   | Place    | Note
-------+----------+-------------------------------------------
     0 | D:1      | qw the Djinni Hunter began the quest for the Orb.
     0 | D:1      | Reached XP level 1. HP: 18/18 MP: 0/0
     0 | D:1      | 0 ||| qw: Version: 0.3-a-136-gdd3b4e8
     0 | D:1      | 0 ||| qw: Game counter: 1305
     0 | D:1      | 0 ||| qw: Melee chars always use a shield: true
     0 | D:1      | 0 ||| qw: God list: Okawaru
     0 | D:1      | 0 ||| qw: Allow faded altars: false
     0 | D:1      | 0 ||| qw: Do Orc after clearing Dungeon:15 true
     0 | D:1      | 0 ||| qw: Do second Lair branch before Depths: true
     0 | D:1      | 0 ||| qw: Lair rune preference: random
     0 | D:1      | 0 ||| qw: Goals: Normal
     0 | D:1      | 0 ||| PLANNING D:1-11
   135 | D:1      | Reached XP level 2. HP: 23/23 MP: 0/0
   656 | D:1      | Reached XP level 3. HP: 28/28 MP: 0/0
   656 | D:1      | Learned a level 1 spell: Slow
   757 | D:1      | 757 ||| READING 2 scrolls labelled RALAYWKUAGEWY.
   757 | D:1      | 757 ||| ENCHANTING +0 shortbow.
   758 | D:1      | 758 ||| READING scroll labelled GUSAMU VUGAKH.
   759 | D:1      | 759 ||| READING scroll labelled FOCUUM YCHO.
   759 | D:1      | 759 ||| IDENTIFYING scroll labelled GELUZX YDEDUF
   760 | D:1      | 760 ||| DROPPING scroll of butterflies.
   761 | D:1      | 761 ||| DROPPING scroll of vulnerability.
   802 | D:2      | Noticed Terence
   804 | D:2      | 804 ||| STAIRDANCE
   814 | D:1      | HP: 7/28 [Terence/+2 short sword of venom (7)]
   816 | D:1      | Killed Terence
   817 | D:1      | Reached skill level 4 in Ranged Weapons
   905 | D:2      | Reached XP level 4. HP: 33/33 MP: 0/0
  1074 | D:2      | Found a burning altar of Makhleb.
  1079 | D:2      | Reached skill level 3 in Fighting
  1193 | D:2      | Found a faded altar of an unknown god.
  1321 | D:2      | 1321 ||| READING scroll of identify.
  1321 | D:2      | 1321 ||| IDENTIFYING pink potion
  1322 | D:2      | 1322 ||| READING scroll labelled GEONLU BYNLI.
  1323 | D:2      | 1323 ||| READING scroll labelled BESCHO BUN NEPU.
  1326 | D:2      | 1326 ||| DRINKING 3 fuming pink potions.
  1327 | D:2      | 1327 ||| DROPPING 2 potions of degeneration.
  1395 | D:3      | Noticed Natasha
  1409 | D:3      | Killed Natasha
  1410 | D:3      | Reached XP level 5. HP: 23/40 MP: 0/0
  1410 | D:3      | Learned a level 2 spell: Call Imp
  1422 | D:3      | 1422 ||| FLEEEEING.
  1423 | D:3      | 1423 ||| FLEEEEING.
  1451 | D:3      | 1451 ||| FLEEEEING.
  1452 | D:3      | 1452 ||| FLEEEEING.
  1453 | D:3      | 1453 ||| FLEEEEING.
  1454 | D:3      | 1454 ||| FLEEEEING.
  1548 | D:3      | Reached skill level 3 in Dodging
  1557 | D:3      | HP: 4/40 [gnoll/+0 flail (12)]
  1559 | D:3      | HP: 1/40 [kobold/+0 dagger (3)]
  1560 | D:3      | Slain by a gnoll

Levels and vault maps discovered:
D:1:      dpeg_arrival_round_c, layout_basic, st_stairs_13
D:2:      layout_rooms, shapermc_ecumenical_altar_totnotflames, basic_altar,
          uniq_terence
D:3:      cheibrodos_helix_gallery, layout_basic, serial_shops,
          nicolae_shop_back_alley_shop, interstate_on_off, uniq_natasha

Skill      XL: |  1  2  3  4  5 |
---------------+----------------+-----
Ranged Weapons | 4 |  4.8
Fighting       | 3 |  3.0
Dodging        | 3 |  3.1
Stealth        | |  0.7

Action                     |  1- 3 |  4- 6 || total
---------------------------+-------+-------++-------
   Fire: Shortbow          |    64 |   112 ||   176
    Use: Scroll            |     3 |     3 ||     6
         Potion            |       |     1 ||     1
 Armour: Leather armour    |    18 |    39 ||    57
  Dodge: Dodged            |    17 |    49 ||    66

Table legend:
 A = Non-vault XP
 B = Vault XP
 C = Vault XP percentage of total XP
 D = Non-vault monster count
 E = Vault monster count
 F = Vault count percentage of total count
                 A         B        C        D         E       F
            +---------+---------+-------+---------+---------+-------
      Total |     168 |      78 |  31.7 |      46 |       5 |   9.8
            +---------+---------+-------+---------+---------+-------
        D:1 |      27 |      38 |  58.5 |      17 |       2 |  10.5
        D:2 |      64 |       0 |   0.0 |      15 |       0 |   0.0
        D:3 |      77 |      40 |  34.2 |      14 |       3 |  17.6
            +---------+---------+-------+---------+---------+-------
